 Dungeon Crawl Stone Soup version 0.30-a0-457-g4b7bca3bfa (webtiles) character file.

Game seed: 5781669499090404390

382 arthad the Magician (level 7, 0/49 HPs)
             Began as a Djinni Fire Elementalist on Dec 13, 2022.
             Was a Follower of Elyvilon.
             Slain by a gnoll
             ... wielding a +0 spear
             ... led by a gnoll bouda
              (6 damage)
             ... on level 4 of the Dungeon.
             The game lasted 00:14:01 (3384 turns).

arthad the Magician (Djinni Fire Elementalist)      Turns: 3384, Time: 00:14:01

Health: 0/49       AC:  3    Str:  7    XL:     7   Next: 5%
Gold:   206        EV: 13    Int: 18    God:    Elyvilon [*.....] SH:  5 Dex: 14

rFire   + + .      SeeInvis +    (no weapon)
rCold   x . .      Faith    .    (no shield)
rNeg    . . .      Spirit   .    a - +0 robe
rPois   ∞          Reflect  +    (no helmet)
rElec   .          Harm     .    (no cloak)
rCorr   .          Rampage  .    g - +0 pair of gloves
Will    .....                    (boots unavailable)
Stlth   ++........               j - amulet of reflection
HPRegen 0.28/turn                b - ring of see invisible
MPRegen 0.00/turn                (no ring)

@: brilliant, flying
A: sickness immunity, fire resistance 2, cold vulnerability 1, float, innate
caster, HP casting, extra vitality 1, MP-powered wands
a: Renounce Religion, Purification


You were on level 4 of the Dungeon.
You worshipped Elyvilon.
Elyvilon was aware of your devotion.
You visited 1 branch of the dungeon, and saw 4 of its levels.
You also visited: Sewer.

You collected 206 gold pieces.

Inventory:

Missiles
 u - 3 silver javelins
Armour
 a - a +0 robe (worn)
 g - a +0 pair of gloves (worn)
Jewellery
 b - a ring of see invisible (left hand)
 e - a ring of magical power
 j - an amulet of reflection (around neck)
 t - a ring of flight
Wands
 v - a wand of paralysis (11)
Scrolls
 d - a scroll of teleportation
 i - 2 scrolls of fear
 o - 3 scrolls of identify
 p - a scroll of brand weapon {unknown}
 q - a scroll of magic mapping {unknown}
 r - a scroll of poison {unknown}
 s - a scroll of enchant weapon {unknown}
Potions
 c - 2 potions of haste
 f - 2 potions of mutation
 h - 2 potions of brilliance
 k - 2 potions of heal wounds {unknown}
 l - a potion of curing {unknown}
 m - a potion of resistance {unknown}
 n - 4 potions of cancellation {unknown}


   Skills:
 + Level 2.0 Fighting
 + Level 2.0 Armour
 + Level 3.8 Dodging
 + Level 2.9 Stealth
 * Level 3.9 Spellcasting
 + Level 0.4 Invocations


You couldn't memorise any spells.
You knew the following spells:

 Your Spells              Type           Power      Damage    Failure   Level
a - Foxfire               Conj/Fire      100%       2x1d9     3%          1
b - Scorch                Fire           52%        2d8       4%          2
c - Kindle Blastsparks    Fire/Tloc/Air  52%        2d14      9%          3
d - Inner Flame           Hex/Fire       26%        N/A       9%          3
e - Flame Wave            Conj/Fire      26%        2d8       30%         4
f - Kiss of Death         Conj/Necr      100%       2d13      3%          1
g - Momentum Strike       Conj/Tloc      52%        3d9       4%          2
h - Call Canine Familiar  Summ           26%        N/A       9%          3
Your spell library was empty.

Dungeon Overview and Level Annotations

Branches:
Dungeon (4/15)              Sewer (visited)
 Temple: D:4-7

Altars:
Elyvilon
Nemelex Xobeh
Wu Jian
Yredelemnul


Innate Abilities, Weirdness & Mutations

You are immune to sickness and miasma.
You are immune to poison.
Your flesh is very heat resistant. (rF++)
You are vulnerable to cold. (rC-)
You float through the air rather than walking.
You learn spells naturally, not from books.
Your magical power is your life essence.
You have superior vitality. (+4 MHP)
You expend health (3 HP) to strengthen your wands.


Message History

The foxfire hits the gnoll bouda.
The gnoll bouda is moderately wounded.
The foxfire hits the gnoll bouda but does no damage.
The gnoll bouda is moderately wounded.
You block the gnoll's attack. The gnoll hits you with a +0 whip.
The gnoll bouda calls upon its god to heal the gnoll.
The gnoll's wounds heal themselves!
Unknown command.
Unknown command.
Unknown command.
Casting: Foxfire (safe; 3% risk of failure)
Press: ? - help, Q - select action, (/) - cycle Dir - look around, f - activate You conjure some foxfire!
The foxfire hits the gnoll bouda.
The gnoll bouda is moderately wounded.
The foxfire hits the gnoll but does no damage.
The gnoll hits you with a +0 whip.
* * * LOW HITPOINT WARNING * * *
The gnoll barely misses you.
The gnoll bouda hits you with a +0 club!
* * * LOW HITPOINT WARNING * * *
Unknown command.
Unknown command.
Okay, then.
Okay, then.
It was a potion of mutation.
You feel extremely strange.
You feel your magical essence link to the dungeon's wands.
The foxfire hits the gnoll.
The gnoll is lightly wounded.
The foxfire hits the gnoll bouda.
The gnoll bouda is heavily wounded.
You block the gnoll's attack. The gnoll barely misses you.
The gnoll bouda hits you with a +0 club.
Elyvilon protects you from harm!
Unknown command.
It was a potion of brilliance.
You feel clever all of a sudden. The gnoll closely misses you.
The gnoll hits you from afar with a +0 spear.
You die...

...... #....# #....#
+....# ########○☼..####
#......§)☼g.....
#......○.§......
#.......@g......
#.......g.......
#....................
#.......#+###+##....# ###
#.......'......#....#...#
#.......#......#....#)...
#########......#....#..≈≈
#.......#....#..≈. #####
#.......#....#..≈.


You could see a gnoll bouda and 2 gnolls.

Vanquished Creatures
  4 jellies
  An iguana (D:4)
  An orc wizard (D:3)
  3 gnolls (D:4)
  2 adders
  2 river rats (Sewer)
  7 worms
  5 dart slugs
  5 orcs (D:3)
  7 ball pythons
  14 endoplasms
  8 giant cockroaches
  9 goblins
  6 hobgoblins
  7 jackals (D:3)
  6 kobolds
  3 quokkas
  10 bats
  4 frilled lizards
  7 rats
111 creatures vanquished.

Vanquished Creatures (others)
  358 foxfires
358 creatures vanquished.

Grand Total: 469 creatures vanquished

Notes
Turn   | Place    | Note
-------+----------+-------------------------------------------
     0 | D:1      | arthad the Djinni Fire Elementalist began the quest for the
                  | Orb.
     0 | D:1      | arthad set off with the following spells memorised:
                  | Foxfire, Scorch, Kindle Blastsparks, Inner Flame, Flame
                  | Wave.
     0 | D:1      | Reached XP level 1. HP: 15/15 MP: 0/0
    75 | D:1      | Reached XP level 2. HP: 18/21 MP: 0/0
   375 | D:1      | Reached XP level 3. HP: 24/25 MP: 0/0
   375 | D:1      | Learned a level 1 spell: Kiss of Death
   914 | D:2      | Reached XP level 4. HP: 31/31 MP: 0/0
  1662 | D:3      | Reached skill level 1 in Armour
  1751 | D:3      | Found a glowing drain.
  1768 | D:3      | Reached skill level 1 in Fighting
  1768 | D:3      | Reached XP level 5. HP: 25/37 MP: 0/0
  1768 | D:3      | Learned a level 2 spell: Momentum Strike
  1773 | Sewer    | Entered a sewer
  2032 | Sewer    | Reached XP level 6. HP: 38/42 MP: 0/0
  2050 | Sewer    | Found a viscous altar of Jiyva.
  2360 | D:3      | Found an ornate altar of the Wu Jian Council.
  2360 | D:3      | Found a white marble altar of Elyvilon.
  2412 | D:3      | Found a basalt altar of Yredelemnul.
  2423 | D:3      | Became a worshipper of Elyvilon the Healer
  3047 | D:4      | Found a sparkling altar of Nemelex Xobeh.
  3113 | D:4      | Reached * piety under Elyvilon
  3374 | D:4      | Reached XP level 7. HP: 40/49 MP: 0/0
  3374 | D:4      | Learned a level 3 spell: Call Canine Familiar
  3383 | D:4      | Gained mutation: You expend health (3 HP) to strengthen
                  | your wands. [potion of mutation]
  3383 | D:4      | Elyvilon protects you from harm!
  3384 | D:4      | Slain by a gnoll

Illustrated notes

Levels and vault maps discovered:
D:1:      lemuel_arrival_lava_pool, layout_basic
D:2:      layout_loops_ring
D:3:      layout_basic, chequers_temple_overflow_statue_of_worship,
          cheibrodos_sewer_entry_sluice
D:4:      layout_gridville, mainiacjoe_overflow_concentric_impassable,
          marbit_many_paths, hex_large

Skill      XL: |  1  2  3  4  5  6 |
---------------+-------------------+-----
Stealth        | 2 |  2.9
Dodging        | 3 |  3.8
Spellcasting   | 3 |  3.9
Armour         | 1 2 |  2.0
Fighting       | 1 2 |  2.0
Invocations    | |  0.4

Action                   |  1- 3 |  4- 6 |  7- 9 || total
-------------------------+-------+-------+-------++-------
Melee: Unarmed           |    12 |     7 |       ||    19
 Cast: Foxfire           |    53 |   138 |     9 ||   200
       Scorch            |     2 |    13 |       ||    15
       Inner Flame       |       |     1 |       ||     1
  Use: Scroll            |       |     5 |       ||     5
       Potion            |       |       |     2 ||     2
Armor: Robe              |    13 |     5 |     1 ||    19
Dodge: Dodged            |    19 |    18 |     4 ||    41
Block: Other             |     1 |    11 |     4 ||    16
       Reflection        |       |     1 |       ||     1

Table legend: (Time is in decaauts)
 A = Elapsed time spent in this place.
 B = Non-inter-level travel time spent in this place.
 C = Inter-level travel time spent in this place.
 D = Time resting spent in this place.
 E = Time spent auto-exploring this place.
 F = Levels seen in this place.
 G = Mean time per level.
                   A        B        C        D        E       F      G
               +--------+--------+--------+--------+--------+-----+--------+
         Total |   3382 |   3231 |    151 |      0 |   2503 |   5 |  676.4 |
       Dungeon |   3006 |   2855 |    151 |      0 |   2274 |   4 |  751.5 |
         Sewer |    375 |    375 |      0 |      0 |    229 |   1 |  375.0 |
               +--------+--------+--------+--------+--------+-----+--------+

Top non-repeatable levels by time:
     D:3: 1069 daAuts
     D:2: 838 daAuts
     D:1: 587 daAuts
     D:4: 510 daAuts
   Sewer: 375 daAuts
